 Dungeon Sprint DCSS version 0.28-a0-1510-gd0f6b136d3 (webtiles) character file.

Game seed: 14794868809578994289

1303 mhtbhm the Cleaver (level 8, -6/79 HPs)
             Began as a Minotaur Fighter on Jan 15, 2022.
             Was a High Priest of Qazlal.
             Mangled by a bog body (9 damage)
             ... in the Dungeon (Sprint VII: "The Pits").
             The game lasted 00:01:28 (1033 turns).

mhtbhm the Cleaver (Minotaur Fighter)               Turns: 1033, Time: 00:01:29

Health: -6/79      AC: 18    Str: 23    XL:     8   Next: 31%
Magic:  7/8        EV:  9    Int:  5    God:    Qazlal [*****.]
Gold:   0          SH: 13    Dex: 10    Spells: 7/7 levels left

rFire   . . .      SeeInvis .   a - +1 hand axe (vorpal)
rCold   . . .      Faith    .   c - +0 buckler
rNeg    . . .      Spirit   .   b - +3 chain mail
rPois   .          Reflect  .   (helmet restricted)
rElec   .          Harm     .   (no cloak)
rCorr   .          Rampage  .   (no gloves)
Will    .....      NoTele   +   (no boots)
Stlth   ..........              (no amulet)
HPRegen 0.23/turn               (no ring)
MPRegen 0.11/turn               (no ring)

@: protected from physical damage, repel missiles
A: horns 2, retaliatory headbutt
a: Renounce Religion, Upheaval, Elemental Force, Disaster Area


You were in the Dungeon.
You worshipped Qazlal.
Qazlal was extremely pleased with you.
You visited 1 branch

Inventory:

Hand Weapons
 a - a +1 vorpal hand axe (weapon)
Armour
 b - a +3 chain mail (worn)
 c - a +0 buckler (worn)
Scrolls
 j - a scroll of blinking
 l - 5 scrolls of amnesia
 m - a scroll of summoning
Potions
 d - a potion of might
 e - 5 potions of curing
 f - 4 potions of heal wounds
 g - a potion of haste
 h - 4 potions of magic
 i - 3 potions of berserk rage
 k - 2 potions of invisibility


   Skills:
 + Level 10.2 Fighting
 + Level 12.1 Axes
 + Level 11.5 Armour
 + Level 4.2 Dodging
 + Level 0.1 Stealth
 + Level 10.9 Shields
 * Level 2.1 Invocations


You had 7 spell levels left.
You didn't know any spells.
Your spell library was empty.

Dungeon Overview and Level Annotations

Branches:
Dungeon (1/1)

Altars:
Ashenzari
Cheibriados
Dithmenos
Elyvilon
Fedhas
Gozag
Hepliaklqana
Kikubaaqudgha
Makhleb
Nemelex Xobeh
Okawaru
Qazlal
Ru
Sif Muna
Trog
Uskayaw
Vehumet
Wu Jian
Xom
Yredelemnul
Zin
The Shining One
Beogh
Jiyva
Lugonu


Innate Abilities, Weirdness & Mutations

You have a pair of horns on your head.
You reflexively headbutt those who attack you in melee.


Message History

You hit the demonic crawler but do no damage.
The demonic crawler is severely wounded.
You slash the demonic crawler!
The demonic crawler is almost dead.
The demonic crawler shrieks in warning!
You barely miss the demonic crawler.
The demonic crawler is almost dead.
The demonic crawler hits you. x2
You feel more protected from physical attacks.
The demonic crawler closely misses you.
Okay, then.
You feel much better. The demonic crawler closely misses you.
You furiously retaliate!
You headbutt the demonic crawler.
The demonic crawler hits you but does no damage.
You block the demonic crawler's attack.
The demonic crawler hits you but does no damage.
You block the demonic crawler's attack. The demonic crawler hits you!
You feel more protected from physical attacks.
You hit the demonic crawler but do no damage.
You headbutt the demonic crawler!
The demonic crawler is almost dead.
You hit the demonic crawler.
You kill the demonic crawler!
Qazlal accepts your kill.
Your Fighting skill increases to level 10!
Your Axes skill increases to level 12!
Your Invocations skill gained 2 levels and is now at level 2!
Unknown command.
Unknown command.
The bog body touches you! The bog body freezes you!!
* * * LOW HITPOINT WARNING * * *
There is an open door, spattered with blood here.
Items here: ) [ ††.
You barely miss the bog body.
The bog body touches you but does no damage.
Unknown command.
You slash the bog body! You headbutt the bog body!
The bog body is heavily damaged.
The bog body touches you!
You die...

#.#..#..#[[##.......#
#.##†#†.#'###...<...#
#.#........##.......#
#.#........##.......#
#'###########.......#
#)÷)....#..##########
#..#.#..#.## ###
#.##.##.#)# ...#
#.......#@#....#
#.##.##.#n○....+
#..#.#..#'#§...#
#.......')#....#
########### ####


You could see a bog body.

Vanquished Creatures
  A lindwurm (D)
  A demonic crawler (D)
  A fire bat (D)
  A necrophage (D)
  A kobold brigand (D)
  Blork the orc (D)
  A bullfrog (D)
  A gnoll sergeant (D)
  A jelly (D)
  2 orc priests (D)
  2 adders (D)
  2 river rats (D)
  An ufetubus (D)
  An adder zombie (D)
  An orc (D)
  An endoplasm (D)
  A quokka (D)
  A ball python (D)
  2 bats (D)
  A frilled lizard (D)
24 creatures vanquished.

Notes
Turn   | Place    | Note
-------+----------+-------------------------------------------
     0 | D        | mhtbhm the Minotaur Fighter began the quest for the Orb.
     0 | D        | Reached XP level 1. HP: 19/19 MP: 0/0
    20 | D        | Found a bloodstained altar of Trog.
    20 | D        | Found a shimmering blue altar of Sif Muna.
    20 | D        | Found a viscous altar of Jiyva.
    20 | D        | Found a hazy altar of Hepliaklqana.
    20 | D        | Found an opulent altar of Gozag.
    21 | D        | Found a glowing golden altar of the Shining One.
    21 | D        | Found a glowing silver altar of Zin.
    21 | D        | Found a basalt altar of Yredelemnul.
    21 | D        | Found a shimmering altar of Xom.
    21 | D        | Found an ornate altar of the Wu Jian Council.
    21 | D        | Found a sacrificial altar of Ru.
    21 | D        | Found a stormy altar of Qazlal.
    21 | D        | Found an iron altar of Okawaru.
    21 | D        | Found a sparkling altar of Nemelex Xobeh.
    21 | D        | Found a burning altar of Makhleb.
    21 | D        | Found a blossoming altar of Fedhas.
    21 | D        | Found a white marble altar of Elyvilon.
    21 | D        | Found a shadowy altar of Dithmenos.
    21 | D        | Found a snail-covered altar of Cheibriados.
    23 | D        | Found a radiant altar of Vehumet.
    23 | D        | Found a corrupted altar of Lugonu.
    24 | D        | Found a hide-covered altar of Uskayaw.
    24 | D        | Found an ancient bone altar of Kikubaaqudgha.
    24 | D        | Found a broken altar of Ashenzari.
    28 | D        | Became a worshipper of Qazlal Stormbringer
    76 | D        | HP: 1/20 [adder (1)]
    81 | D        | Reached skill level 3 in Axes
    81 | D        | Reached skill level 5 in Shields
    81 | D        | Reached XP level 2. HP: 14/28 MP: 1/1
   241 | D        | Reached * piety under Qazlal
   242 | D        | Reached skill level 5 in Armour
   246 | D        | Reached skill level 5 in Fighting
   246 | D        | Reached XP level 3. HP: 28/36 MP: 2/2
   317 | D        | Reached ** piety under Qazlal
   418 | D        | Noticed a necrophage
   418 | D        | Noticed Blork the orc
   418 | D        | Noticed a fire bat
   433 | D        | Killed a necrophage
   433 | D        | Reached *** piety under Qazlal
   434 | D        | Reached skill level 5 in Axes
   434 | D        | Reached skill level 1 in Dodging
   434 | D        | Reached XP level 4. HP: 39/45 MP: 3/3
   434 | D        | Reached XP level 5. HP: 45/51 MP: 4/4
   436 | D        | Killed Blork the orc
   437 | D        | Reached skill level 7 in Axes
   447 | D        | Reached skill level 8 in Axes
   447 | D        | Reached XP level 6. HP: 42/61 MP: 5/5
   448 | D        | Reached **** piety under Qazlal
   454 | D        | Killed a fire bat
   455 | D        | Reached skill level 9 in Axes
   680 | D        | Noticed a lindwurm
   693 | D        | Killed a lindwurm
   694 | D        | Reached skill level 11 in Axes
   694 | D        | Reached skill level 10 in Shields
   694 | D        | Reached XP level 7. HP: 36/71 MP: 6/6
   874 | D        | Reached ***** piety under Qazlal
   875 | D        | Reached XP level 8. HP: 64/79 MP: 7/7
  1008 | D        | Noticed a bog body
  1008 | D        | Noticed a demonic crawler
  1030 | D        | Killed a demonic crawler
  1031 | D        | Reached skill level 10 in Fighting
  1031 | D        | Reached skill level 12 in Axes
  1031 | D        | HP: 2/79 [bog body (26)]
  1033 | D        | Mangled by a bog body

Illustrated notes

Levels and vault maps discovered:
D:        pitsprint [storerooms_1, entrance_room_1, metal_vault_3, armoury_1,
          mini_pit_1, grid_room_1, main_hall_1, silver_pit, the_coven_2,
          the_vestibule_1, steel_vault_3, golden_pit, hallway_of_sentries,
          crystal_vault_1, iron_vault_2, final_vault]

Skill      XL: |  1  2  3  4  5  6  7  8 |
---------------+-------------------------+-----
Fighting       | 4 5 6 8 9 10 | 10.2
Armour         | 4 5 7 8 11 | 11.5
Shields        | 5 7 8 10 | 10.9
Axes           | 3 5 8 11 12 | 12.1
Dodging        | 1 3 4 |  4.2
Invocations    | 2 |  2.1
Stealth        | |  0.1

Action                   |  1- 3 |  4- 6 |  7- 9 || total
-------------------------+-------+-------+-------++-------
Melee: Hand axe          |    33 |    32 |    35 ||   100
       Headbutt          |     4 |     8 |     9 ||    21
       War axe           |     1 |       |       ||     1
  Use: Potion            |     1 |     1 |     1 ||     3
Armor: Scale mail        |    16 |       |       ||    16
       Chain mail        |     5 |    18 |    16 ||    39
Dodge: Dodged            |    25 |     7 |    11 ||    43
       Repelled          |       |     1 |       ||     1
Block: Buckler           |    12 |    19 |    15 ||    46

Table legend: (Time is in decaauts)
 A = Elapsed time spent in this place.
 B = Non-inter-level travel time spent in this place.
 C = Inter-level travel time spent in this place.
 D = Time resting spent in this place.
 E = Time spent auto-exploring this place.
 F = Levels seen in this place.
 G = Mean time per level.
                   A        B        C        D        E       F      G
               +--------+--------+--------+--------+--------+-----+--------+
         Total |   1025 |   1025 |      0 |    691 |     64 |   1 | 1025.0 |
       Dungeon |   1025 |   1025 |      0 |    691 |     64 |   1 | 1025.0 |
               +--------+--------+--------+--------+--------+-----+--------+

Top non-repeatable levels by time:
       D: 1025 daAuts
